 Dungeon Crawl Stone Soup version 0.25.0-10-g039870ee82 (console) character file.

Game seed: 13318040184518835890

191 bli the Insei (level 5, -1/37 HPs)
             Began as an Octopode Monk on June 23, 2020.
             Slain by an orc wizard
             ... wielding a +0 dagger
              (2 damage)
             ... on level 4 of the Dungeon.
             The game lasted 00:08:42 (3452 turns).

bli the Insei (Octopode Monk)                       Turns: 3452, Time: 00:08:43

Health: -1/37      AC:  1    Str: 12    XL:     5   Next: 70%
Magic:  0/5        EV: 14    Int: 12    God:
Gold:   128        SH:  0    Dex: 14    Spells: 4/4 levels left

rFire    . . .     SeeInvis .     - Unarmed
rCold    . . .     Gourm    .   (no shield)
rNeg     . . .     Faith    .   (helmet restricted)
rPois    .         Spirit   +   k - amulet of guardian spirit
rElec    .         Reflect  .   (no ring)
rCorr    .         Harm     .   (no ring)
MR       .....                  (no ring)
Stlth    +++.......             (no ring)
HPRegen  0.12/turn              (no ring)
MPRegen  0.09/turn              (no ring)
                                (no ring)
                                (no ring)

@: no status effects
A: almost no armour, stealthy swim, amphibious, 8 rings, constrict 8, camouflage
1, gelatinous body 1
a: no special abilities


You were on level 4 of the Dungeon.
You were not hungry.

You visited 1 branch of the dungeon, and saw 4 of its levels.

You collected 128 gold pieces.

Inventory:

Hand Weapons
 b - a +0 long sword
 h - a +2 quarterstaff of chaos
Missiles
 c - 16 arrows
 g - 5 datura-tipped darts (quivered)
 n - 8 javelins
Jewellery
 k - an amulet of guardian spirit (around mantle)
Scrolls
 d - a scroll of magic mapping {unknown}
 e - 3 scrolls of remove curse {unknown}
 j - a scroll of noise {unknown}
 l - a scroll of fog {unknown}
 m - a scroll of teleportation {unknown}
Potions
 i - a potion of stabbing {unknown}
Comestibles
 a - 2 rations
 f - 4 chunks of flesh


   Skills:
 * Level 3.9 Fighting
 + Level 3.1 Dodging
 - Level 3.0 Stealth
 * Level 5.4 Unarmed Combat


You had 4 spell levels left.
You didn't know any spells.
Your spell library was empty.

Dungeon Overview and Level Annotations

Branches:
Dungeon (4/15)
 Temple: D:4-7

Altars:
Ashenzari
Uskayaw


Innate Abilities, Weirdness & Mutations

You cannot wear most types of armour.
You are very stealthy in the water. (Stealth+)
You are amphibious.
You can wear up to eight rings at the same time.
You can use your tentacles to constrict eight enemies at once.
Your skin changes colour to match your surroundings (Stealth+).
Your rubbery body absorbs attacks. (AC +1, EV +1)


Message History

The orc wizard casts a cantrip, but nothing happens.
The orc wizard miscasts a cantrip.
The orc wizard points at you and mumbles some strange words.
The magic dart hits you!
* * * LOW HITPOINT WARNING * * *
The orc wizard gestures wildly while chanting.
The orc wizard seems to speed up.
There is a stone staircase leading down here.
The orc wizard closely misses you.
You climb downwards.
Found a potion of curing, a scroll labeled ZOICZAPUOTS, a club and 11 gold pieces.
Found a stone staircase leading up.
There is a stone staircase leading up here.
You tentacle-slap the orc wizard. Your grab misses the orc wizard.
Your squeeze misses the orc wizard.
The orc wizard is moderately wounded.
The orc wizard gestures at you while chanting.
The magic dart hits you!
* * * LOW HITPOINT WARNING * * *
The orc wizard hits you with a +0 dagger.
You die...

##..# ##...#
#....## .#
##.....#
...#......#####
.....<........#
##.....o......#
.......@..!....
)#?......#.##..
#..#...... ##
###.#...#
####.... .$...
...# ...#


You could see an orc wizard (fast).

Vanquished Creatures
  Crazy Yiuf (D:3)
  A worker ant (D:2)
  A gnoll (D:1)
  4 adders (D:2)
  An ooze (D:2)
  2 worms (D:2)
  A dart slug (D:2)
  3 leopard geckos
  4 orcs (D:3)
  A ball python (D:1)
  A giant cockroach (D:1)
  8 goblins
  8 hobgoblins
  7 jackals
  8 bats
  14 frilled lizards
  8 kobolds
  4 rats (D:1)
  A plant (D:1)
78 creatures vanquished.

Notes
Turn   | Place    | Note
-------+----------+-------------------------------------------
     0 | D:1      | bli the Octopode Monk began the quest for the Orb.
     0 | D:1      | Reached XP level 1. HP: 16/16 MP: 1/1
    77 | D:1      | Reached XP level 2. HP: 20/21 MP: 2/2
   425 | D:1      | Reached XP level 3. HP: 17/26 MP: 3/3
  1118 | D:1      | Reached skill level 4 in Unarmed Combat
  1333 | D:1      | Found a shattered altar of Ashenzari.
  1732 | D:2      | Reached XP level 4. HP: 24/33 MP: 4/4
  2382 | D:2      | Found a hide-covered altar of Uskayaw.
  2624 | D:2      | Reached XP level 5. HP: 15/37 MP: 2/5
  2636 | D:2      | Reached skill level 5 in Unarmed Combat
  2636 | D:2      | HP: 2/55 [poisoned by an adder]
  3094 | D:3      | Found a runed translucent door.
  3095 | D:3      | Noticed Crazy Yiuf
  3106 | D:3      | Killed Crazy Yiuf
  3452 | D:4      | HP: 1/37 [orc wizard/magic dart (8)]
  3452 | D:4      | Slain by an orc wizard

Illustrated notes

Levels and vault maps discovered:
D:1:      dpeg_arrival_lava_altar, layout_basic, minmay_lizard_king
D:2:      layout_loops_corners, lemuel_coloured_pillars_altar
D:3:      layout_rooms, marbit_many_paths, lemuel_round_altar,
          grunt_temple_overflow_order_and_chaos_2, uniq_crazy_yiuf_cottage
D:4:      layout_cave_pools, first_ration

Skill      XL: |  1  2  3  4  5 |
---------------+----------------+-----
Unarmed Combat | 4 5 |  5.4
Stealth        | 3 |  3.0
Fighting       | |  3.9
Dodging        | |  3.1

Action                   |  1- 3 |  4- 6 || total
-------------------------+-------+-------++-------
Melee: Unarmed           |    96 |    89 ||   185
       Constrict         |    24 |    18 ||    42
       Tentacles         |    13 |    17 ||    30
       Punch             |       |     1 ||     1
Throw: Dart              |       |     3 ||     3
  Use: Potion            |       |     4 ||     4
 Stab: Sleeping          |    10 |     8 ||    18
       Distracted        |     1 |       ||     1
  Eat: Chunk             |     3 |     5 ||     8
Armor: Skin              |     4 |    18 ||    22
Dodge: Dodged            |    58 |    52 ||   110
